Penguins vs Oilers

Created - 30 mars 2018 at 00:45

Goals
1 2 3 T
Penguins 2 1 1 4
Oilers 3 1 2 6
Shots
1 2 3 T
Penguins 16 9 5 30
Oilers 12 6 12 30

1st period

1. Penguins , Phil Kessel 23 (Ryan Ellis 46, David Savard 29) at 0:43
2. Oilers , Sven Baertschi 19 (Ryan Johansen 42, Ron Hainsey 23) at 0:53
3. Oilers , Brad Marchand 65 (Ryan Getzlaf 73, Marc Methot 29) at 2:33
4. Oilers , Ron Hainsey 7 (Michael Grabner 30, Justin Williams 30) at 6:17
5. Penguins , Evgeni Malkin 37 (Nikita Kucherov 45, Vladimir Tarasenko 53) at 18:42

Penalties :
Riley Nash (EDM) for Hooking (Minor) at 8:36, Mark Giordano (PIT) for Slashing (Minor) at 8:36

2nd period

6. Penguins , Nikita Kucherov 44 (Olli Maatta 24, Evgeni Malkin 59) at 6:04
7. Oilers , Reilly Smith 20 (Brad Marchand 64, Marc-Edouard Vlasic 41) at 15:04

Penalties :
Marc Methot (EDM) for Hooking (Minor) at 7:13, Evgeni Malkin (PIT) for Hooking (Minor) at 9:57

3rd period

8. Oilers , Justin Williams 27 (Aleksander Barkov 44, Michael Grabner 31) at 0:08
9. Penguins , David Perron 16 (Mark Giordano 45) at 10:14
10. Oilers , Marc-Edouard Vlasic 9 (Aleksander Barkov 45, Brent Burns 54) at 15:51 (PP)

Penalties :
Sven Baertschi (EDM) for Hooking (Minor) at 7:00, Sebastian Aho (PIT) for Roughing (Minor) at 15:43, David Savard (PIT) for Roughing (Minor) at 18:36

Goalie Stats

Ben Bishop (PIT), 14 saves from 19 shots - (0.737), L, 48-11-4, 40:08 minutes
Connor Hellebuyck (PIT), 10 saves from 11 shots - (0.909), 19:52 minutes
Martin Jones (EDM), 26 saves from 30 shots - (0.867), W, 38-12-6, 60:00 minutes

Players Stats for Penguins

Player Name              G  A  P  +/- PIM S  H  SB GA TA FO     MP     PP MP  PK MP  
------------------------------------------------------------------------------------
Alexander Wennberg       0  0  0   0  0   3  0  0  0  0  10/20  13:56   2:12   0:00 
Christian Dvorak         0  0  0   0  0   3  1  0  0  0  1/1    13:40   0:00   1:56 
David Perron             1  0  1   0  0   2  2  0  0  0  0/1    12:28   0:00   0:44 
David Savard             0  1  1   0  2   0  6  1  0  0  0/0    22:54   1:22   1:23 
Evgeni Malkin            1  1  2   0  2   4  2  0  0  0  11/22  19:48   1:46   0:50 
Kevin Labanc             0  0  0  -1  0   1  1  0  0  0  0/1     8:00   0:00   0:00 
Mark Barberio            0  0  0   1  0   1  1  0  0  0  0/0    13:10   0:00   0:00 
Mark Giordano            0  1  1  -2  2   2  3  4  0  0  0/0    22:36   2:36   1:17 
Nathan MacKinnon         0  0  0   0  0   1  3  2  0  0  12/21  19:08   2:12   1:21 
Nikita Kucherov          1  1  2   0  0   4  2  0  0  0  0/5    17:58   1:46   0:00 
Olli Maatta              0  1  1   1  0   0  1  0  0  0  0/0    14:11   0:00   1:16 
Phil Kessel              1  0  1   0  0   3  1  0  0  0  0/2    17:46   2:12   0:00 
Ryan Ellis               0  1  1   0  0   2  0  0  0  0  0/0    23:45   1:22   2:13 
Ryan Suter               0  0  0  -2  0   0  3  1  0  0  0/0    22:54   2:36   0:51 
Sebastian Aho            0  0  0   0  2   0  0  0  0  0  0/0    15:05   0:00   0:00 
Tanner Kero              0  0  0  -1  0   0  0  2  0  0  10/13  10:08   0:00   2:08 
Tim Schaller             0  0  0  -1  0   1  0  0  0  0  0/0     8:01   0:00   0:01 
Vladimir Tarasenko       0  1  1   0  0   3  0  0  0  0  0/3    18:59   1:46   0:00 

Players Stats for Oilers

Player Name              G  A  P  +/- PIM S  H  SB GA TA FO     MP     PP MP  PK MP  
------------------------------------------------------------------------------------
Aleksander Barkov        0  2  2  -1  0   3  1  0  0  0  7/17   17:56   1:56   0:00 
Andreas Athanasiou       0  0  0   0  0   3  1  0  0  0  1/2     6:41   0:09   0:34 
Brad Marchand            1  1  2   1  0   5  0  0  0  0  2/2    18:54   1:56   0:00 
Brent Burns              0  1  1   0  0   0  5  0  0  0  0/0    21:51   1:27   0:40 
Dominic Moore            0  0  0   0  0   1  0  0  0  0  10/12   7:59   0:00   2:04 
Francois Beauchemin      0  0  0   0  0   1  2  1  0  0  0/0    20:01   0:00   0:17 
Jannik Hansen            0  0  0   0  0   0  1  1  0  0  0/1     7:18   0:00   1:20 
Justin Williams          1  1  2  -1  0   1  3  0  0  0  2/2    16:00   0:00   0:00 
Marc Methot              0  1  1   0  2   0  0  0  0  0  0/0    19:45   2:03   0:56 
Marc-Edouard Vlasic      1  1  2   0  0   2  0  0  0  0  0/0    20:10   1:27   1:53 
Michael Grabner          0  2  2  -1  0   2  1  0  0  0  1/1    18:08   1:34   0:34 
Michael Matheson         0  0  0   1  0   1  3  0  0  0  0/0    18:09   0:00   2:11 
Reilly Smith             1  0  1   1  0   3  1  0  0  0  0/2    17:25   1:25   0:00 
Riley Nash               0  0  0   1  2   2  3  0  0  0  2/2    15:39   0:00   2:04 
Ron Hainsey              1  1  2   1  0   1  0  2  0  0  0/0    20:03   2:03   1:59 
Ryan Getzlaf             0  1  1   1  0   1  2  0  0  0  9/22   17:56   1:56   0:00 
Ryan Johansen            0  1  1   1  0   0  3  0  0  0  11/25  16:30   1:34   1:20 
Sven Baertschi           1  0  1   1  2   4  1  0  0  0  0/1    13:35   0:00   0:00 

3 Stars

1 - Ron Hainsey (EDM)
2 - Brad Marchand (EDM)
3 - Justin Williams (EDM)

Power Play

Penguins - 0 on 2 Attempt(s) - 0.00%
Oilers - 1 on 3 Attempt(s) - 33.33%

Penalty Kill

Penguins - 2 on 3 Attempt(s) - 66.67% - Score 0 goal in Penalty Kill
Oilers - 2 on 2 Attempt(s) - 100.00% - Score 0 goal in Penalty Kill

Team Stat

Penguins - Hits : 26 - Faceoff Wins : 44 - Blocked Shots : 10 - Penalty Minutes : 8
Oilers - Hits : 27 - Faceoff Wins : 45 - Blocked Shots : 4 - Penalty Minutes : 6

Official

Referees : Brian Pochmara and Mark Lemelin
Linesman : Pierre Racicot and Don Henderson

Game Notes

Connor Hellebuyck enters game at 0:08 of 3rd period

Finance

Level 1 -- Attendance: 6186 (95.17%) -- Ticket Income 575 298 $
Level 2 -- Attendance: 4792 (95.84%) -- Ticket Income 349 816 $
Level 3 -- Attendance: 2315 (66.14%) -- Ticket Income 150 475 $
Level 4 -- Attendance: 839 (100.00%) -- Ticket Income 52 018 $
Luxury Box -- Attendance: 961 (96.10%) -- Ticket Income 187 395 $
Game was played at the Rexall Place.
Total Attendance: 15093 (89.63%)
Total Ticket Income: 1 315 002 $
Other Income: 197 250 $
Total Income: 1 512 252 $

% Time on Ice - Penguins

Lines # - Real PCT - Wanted PCT - Time Play
Normal Forward
1 - 31% - 32% - 15:43
2 - 30% - 32% - 15:06
3 - 23% - 26% - 11:44
4 - 16% - 10% - 8:00
Normal Defense
1 - 37% - 41% - 18:44
2 - 37% - 41% - 18:54
3 - 26% - 18% - 12:55
4 - 0% - 0% - 0:00
PP Forward
1 - 45% - 60% - 1:46
2 - 55% - 40% - 2:12
PP Defense
1 - 66% - 60% - 2:36
2 - 34% - 40% - 1:22
PK Forward
1 - 98% - 60% - 3:26
2 - 2% - 40% - 0:04
PK Defense
1 - 37% - 60% - 1:17
2 - 63% - 40% - 2:13
PK3 Forward
1 - 0% - 60%
2 - 0% - 40%
PK3 Defense
1 - 0% - 60%
2 - 0% - 40%
44 Forward
1 - 76% - 60% - 1:30
2 - 24% - 40% - 0:29
44 Defense
1 - 36% - 60% - 0:43
2 - 64% - 40% - 1:16
Last Minute Offensive  - 0:00
Last Minute Defensive  - 0:00
Total
Forward - 60:00
Defense - 60:00

% Time on Ice - Oilers

Lines # - Real PCT - Wanted PCT - Time Play
Normal Forward
1 - 32% - 32% - 16:00
2 - 32% - 31% - 16:00
3 - 27% - 27% - 13:36
4 - 10% - 10% - 4:57
Normal Defense
1 - 38% - 37% - 19:14
2 - 31% - 33% - 15:49
3 - 30% - 30% - 15:00
4 - 1% - 0% - 0:30
PP Forward
1 - 55% - 65% - 1:56
2 - 45% - 35% - 1:34
PP Defense
1 - 41% - 65% - 1:27
2 - 59% - 35% - 2:03
PK Forward
1 - 66% - 60% - 2:38
2 - 34% - 40% - 1:20
PK Defense
1 - 72% - 50% - 2:51
2 - 28% - 50% - 1:07
PK3 Forward
1 - 0% - 50%
2 - 0% - 50%
PK3 Defense
1 - 0% - 50%
2 - 0% - 50%
44 Forward
1 - 49% - 50% - 0:58
2 - 51% - 50% - 1:01
44 Defense
1 - 49% - 50% - 0:58
2 - 51% - 50% - 1:01
Last Minute Offensive  - 0:00
Last Minute Defensive  - 0:00
Total
Forward - 60:00
Defense - 60:00

Play by Play

1st period


0:01 of 1st period - Brad Marchand wins face-off versus Nikita Kucherov in neutral zone.
0:06 of 1st period - Shot by Reilly Smith.
0:06 of 1st period - Stopped by Ben Bishop without a rebound.
0:07 of 1st period - Aleksander Barkov wins face-off versus Nathan MacKinnon in Penguins zone.
0:08 of 1st period - Shot by Justin Williams.
0:08 of 1st period - Shot Misses the Net.
0:36 of 1st period - Michael Grabner is hit by Nathan MacKinnon and loses puck.
0:43 of 1st period - Shot by Phil Kessel.
0:43 of 1st period - Goal by Phil Kessel - Penguins : 1 - Oilers : 0.
0:44 of 1st period - Ryan Johansen wins face-off versus Alexander Wennberg in neutral zone.
0:53 of 1st period - Shot by Sven Baertschi.
0:53 of 1st period - Goal by Sven Baertschi - Penguins : 1 - Oilers : 1.
0:54 of 1st period - Evgeni Malkin wins face-off versus Ryan Getzlaf in neutral zone.
0:54 of 1st period - Vladimir Tarasenko is hit by Ryan Getzlaf and loses puck.
1:06 of 1st period - Nikita Kucherov is hit by Francois Beauchemin and loses puck.
1:12 of 1st period - Nikita Kucherov is hit by Brent Burns.
1:20 of 1st period - Shot by Vladimir Tarasenko.
1:20 of 1st period - Stopped by Martin Jones without a rebound.
1:21 of 1st period - Ryan Johansen wins face-off versus Alexander Wennberg in Oilers zone.
1:38 of 1st period - Shot by Sven Baertschi.
1:38 of 1st period - Shot Misses the Net.
1:44 of 1st period - Shot by Riley Nash.
1:44 of 1st period - Stopped by Ben Bishop without a rebound.
1:45 of 1st period - Tanner Kero wins face-off versus Jannik Hansen in Penguins zone.
1:45 of 1st period - Tanner Kero is hit by Jannik Hansen.
2:04 of 1st period - Jannik Hansen is hit by David Savard and loses puck.
2:16 of 1st period - Dominic Moore is hit by David Savard and loses puck.
2:31 of 1st period - Shot by Ryan Getzlaf.
2:31 of 1st period - Shot Misses the Net.
2:33 of 1st period - Shot by Brad Marchand.
2:33 of 1st period - Goal by Brad Marchand - Penguins : 1 - Oilers : 2.
2:34 of 1st period - Justin Williams wins face-off versus Evgeni Malkin in neutral zone.
2:53 of 1st period - Shot by Michael Grabner.
2:53 of 1st period - Shot Misses the Net.
3:11 of 1st period - Shot by Nikita Kucherov.
3:11 of 1st period - Stopped by Martin Jones without a rebound.
3:12 of 1st period - Nathan MacKinnon wins face-off versus Ryan Getzlaf in Oilers zone.
3:27 of 1st period - Shot by Brad Marchand.
3:27 of 1st period - Stopped by Ben Bishop without a rebound.
3:28 of 1st period - Ryan Johansen wins face-off versus Alexander Wennberg in Penguins zone.
3:32 of 1st period - Sven Baertschi is hit by David Savard and loses puck.
4:01 of 1st period - Shot by Alexander Wennberg.
4:01 of 1st period - Stopped by Martin Jones without a rebound.
4:02 of 1st period - Nathan MacKinnon wins face-off versus Ryan Getzlaf in Oilers zone.
4:19 of 1st period - Shot by Phil Kessel.
4:19 of 1st period - Shot Misses the Net.
4:28 of 1st period - Icing by Brad Marchand.
4:29 of 1st period - Evgeni Malkin wins face-off versus Reilly Smith in Oilers zone.
4:30 of 1st period - Shot by Nikita Kucherov.
4:30 of 1st period - Deflect By Vladimir Tarasenko.
4:30 of 1st period - Shot Misses the Net.
4:46 of 1st period - Shot by Nikita Kucherov.
4:46 of 1st period - Stopped by Martin Jones without a rebound.
4:47 of 1st period - Aleksander Barkov wins face-off versus Alexander Wennberg in Oilers zone.
5:00 of 1st period - Shot by Michael Grabner.
5:00 of 1st period - Deflect By Aleksander Barkov.
5:00 of 1st period - Shot Misses the Net.
5:02 of 1st period - Shot by Ron Hainsey.
5:02 of 1st period - Shot Misses the Net.
5:04 of 1st period - Shot by Michael Grabner.
5:04 of 1st period - Deflect By Aleksander Barkov.
5:04 of 1st period - Stopped by Ben Bishop without a rebound.
5:05 of 1st period - Ryan Johansen wins face-off versus Phil Kessel in Penguins zone.
5:42 of 1st period - Shot by Riley Nash.
5:42 of 1st period - Shot Misses the Net.
5:44 of 1st period - Shot by Riley Nash.
5:44 of 1st period - Shot Misses the Net.
5:53 of 1st period - Nathan MacKinnon is hit by Michael Matheson.
6:05 of 1st period - Shot by Aleksander Barkov.
6:05 of 1st period - Deflect By Michael Grabner.
6:05 of 1st period - Shot Misses the Net.
6:15 of 1st period - Shot by Michael Grabner.
6:15 of 1st period - Shot Misses the Net.
6:17 of 1st period - Shot by Ron Hainsey.
6:17 of 1st period - Goal by Ron Hainsey - Penguins : 1 - Oilers : 3.
6:18 of 1st period - Ryan Getzlaf wins face-off versus Alexander Wennberg in neutral zone.
6:30 of 1st period - Shot by Christian Dvorak.
6:30 of 1st period - Stopped by Martin Jones without a rebound.
6:31 of 1st period - Dominic Moore wins face-off versus Evgeni Malkin in Oilers zone.
6:31 of 1st period - Dominic Moore is hit by Nikita Kucherov.
6:39 of 1st period - Vladimir Tarasenko is hit by Andreas Athanasiou.
6:44 of 1st period - Brent Burns is hit by Nikita Kucherov.
6:56 of 1st period - Shot by Andreas Athanasiou.
6:56 of 1st period - Shot Misses the Net.
6:58 of 1st period - Shot by Jannik Hansen.
6:58 of 1st period - Deflect By Dominic Moore.
6:58 of 1st period - Stopped by Ben Bishop with a rebound.
7:00 of 1st period - Shot by Andreas Athanasiou.
7:00 of 1st period - Stopped by Ben Bishop without a rebound.
7:01 of 1st period - Alexander Wennberg wins face-off versus Ryan Getzlaf in Penguins zone.
8:27 of 1st period - Off-side.
8:28 of 1st period - Ryan Johansen wins face-off versus Evgeni Malkin in neutral zone.
8:36 of 1st period - Minor Penalty to Riley Nash for Hooking.
8:36 of 1st period - Minor Penalty to Mark Giordano for Slashing.
8:37 of 1st period - Andreas Athanasiou wins face-off versus Evgeni Malkin in Penguins zone.
9:00 of 1st period - Shot by Vladimir Tarasenko.
9:00 of 1st period - Shot Misses the Net.
9:14 of 1st period - Shot by Vladimir Tarasenko.
9:14 of 1st period - Deflect By Evgeni Malkin.
9:14 of 1st period - Shot Blocked by Ron Hainsey.
9:50 of 1st period - Shot by Phil Kessel.
9:50 of 1st period - Stopped by Martin Jones without a rebound.
9:51 of 1st period - Evgeni Malkin wins face-off versus Dominic Moore in Oilers zone.
10:04 of 1st period - Shot by Vladimir Tarasenko.
10:04 of 1st period - Stopped by Martin Jones without a rebound.
10:05 of 1st period - Dominic Moore wins face-off versus Evgeni Malkin in Oilers zone.
10:20 of 1st period - Shot by Vladimir Tarasenko.
10:20 of 1st period - Shot Misses the Net.
10:22 of 1st period - Shot by Ryan Ellis.
10:22 of 1st period - Deflect By Vladimir Tarasenko.
10:22 of 1st period - Shot Misses the Net.
10:32 of 1st period - Shot by Evgeni Malkin.
10:32 of 1st period - Shot Misses the Net.
10:34 of 1st period - Shot by Evgeni Malkin.
10:34 of 1st period - Stopped by Martin Jones without a rebound.
10:35 of 1st period - Nathan MacKinnon wins face-off versus Andreas Athanasiou in Oilers zone.
11:14 of 1st period - Shot by Sven Baertschi.
11:14 of 1st period - Shot Misses the Net.
12:55 of 1st period - Shot by Evgeni Malkin.
12:55 of 1st period - Stopped by Martin Jones without a rebound.
12:56 of 1st period - Dominic Moore wins face-off versus Alexander Wennberg in Oilers zone.
13:07 of 1st period - Off-side.
13:08 of 1st period - Ryan Johansen wins face-off versus Evgeni Malkin in neutral zone.
14:14 of 1st period - Icing by Michael Matheson.
14:15 of 1st period - Tanner Kero wins face-off versus Aleksander Barkov in Oilers zone.
14:26 of 1st period - Shot by Kevin Labanc.
14:26 of 1st period - Stopped by Martin Jones without a rebound.
14:27 of 1st period - Ryan Getzlaf wins face-off versus Alexander Wennberg in Oilers zone.
14:31 of 1st period - Off-side.
14:32 of 1st period - Ryan Getzlaf wins face-off versus Nathan MacKinnon in neutral zone.
14:35 of 1st period - Shot by Reilly Smith.
14:35 of 1st period - Shot Misses the Net.
14:37 of 1st period - Shot by Brad Marchand.
14:37 of 1st period - Stopped by Ben Bishop without a rebound.
14:38 of 1st period - Ryan Getzlaf wins face-off versus Nathan MacKinnon in Penguins zone.
14:43 of 1st period - Shot by Ryan Getzlaf.
14:43 of 1st period - Shot Blocked by Mark Giordano.
14:53 of 1st period - Shot by Phil Kessel.
14:53 of 1st period - Shot Misses the Net.
14:57 of 1st period - Shot by Nathan MacKinnon.
14:57 of 1st period - Shot Misses the Net.
15:08 of 1st period - Shot by Nathan MacKinnon.
15:08 of 1st period - Stopped by Martin Jones without a rebound.
15:09 of 1st period - Evgeni Malkin wins face-off versus Aleksander Barkov in Oilers zone.
15:26 of 1st period - Shot by Michael Grabner.
15:26 of 1st period - Stopped by Ben Bishop without a rebound.
15:27 of 1st period - Ryan Johansen wins face-off versus Alexander Wennberg in Penguins zone.
15:28 of 1st period - Shot by Sven Baertschi.
15:28 of 1st period - Stopped by Ben Bishop without a rebound.
15:29 of 1st period - Ryan Johansen wins face-off versus Nikita Kucherov in Penguins zone.
15:34 of 1st period - Shot by Ron Hainsey.
15:34 of 1st period - Shot Blocked by David Savard.
15:37 of 1st period - Icing by David Savard.
15:38 of 1st period - Evgeni Malkin wins face-off versus Aleksander Barkov in Penguins zone.
15:49 of 1st period - Icing by David Savard.
15:50 of 1st period - Ryan Johansen wins face-off versus Evgeni Malkin in Penguins zone.
15:50 of 1st period - Brent Burns is hit by David Savard and loses puck.
16:03 of 1st period - David Savard is hit by Sven Baertschi and loses puck.
16:11 of 1st period - Ryan Ellis is hit by Brent Burns and loses puck.
16:22 of 1st period - Shot by Vladimir Tarasenko.
16:22 of 1st period - Shot Blocked by Francois Beauchemin.
16:24 of 1st period - Shot by Vladimir Tarasenko.
16:24 of 1st period - Stopped by Martin Jones with a rebound.
16:26 of 1st period - Shot by Ryan Ellis.
16:26 of 1st period - Stopped by Martin Jones without a rebound.
16:27 of 1st period - Alexander Wennberg wins face-off versus Aleksander Barkov in Oilers zone.
16:30 of 1st period - Shot by Christian Dvorak.
16:30 of 1st period - The goal is going for a video replay.
16:30 of 1st period - The goal is refused.
16:31 of 1st period - Justin Williams wins face-off versus Phil Kessel in Oilers zone.
16:31 of 1st period - Justin Williams is hit by Phil Kessel.
16:55 of 1st period - Shot by Justin Williams.
16:55 of 1st period - Shot Blocked by Mark Giordano.
17:20 of 1st period - Icing by Ron Hainsey.
17:21 of 1st period - Aleksander Barkov wins face-off versus Alexander Wennberg in Oilers zone.
18:42 of 1st period - Shot by Nikita Kucherov.
18:42 of 1st period - Deflect By Evgeni Malkin.
18:42 of 1st period - Goal by Evgeni Malkin - Penguins : 2 - Oilers : 3.
18:43 of 1st period - Riley Nash wins face-off versus Nathan MacKinnon in neutral zone.
19:00 of 1st period - Shot by Mark Giordano.
19:00 of 1st period - Shot Misses the Net.
19:07 of 1st period - Brent Burns is hit by Ryan Suter and loses puck.
Goals for this period are 2 for Penguins vs 3 for Oilers.
Shots for this period are 16 for Penguins vs 12 for Oilers.

2nd period


0:01 of 2nd period - Ryan Getzlaf wins face-off versus Nikita Kucherov in neutral zone.
0:01 of 2nd period - Brad Marchand is hit by Evgeni Malkin and loses puck.
0:08 of 2nd period - Shot by Nikita Kucherov.
0:08 of 2nd period - Shot Misses the Net.
1:34 of 2nd period - Shot by Andreas Athanasiou.
1:34 of 2nd period - Shot Blocked by Ryan Suter.
1:36 of 2nd period - Shot by Francois Beauchemin.
1:36 of 2nd period - Stopped by Ben Bishop without a rebound.
1:37 of 2nd period - Nathan MacKinnon wins face-off versus Ryan Johansen in Penguins zone.
1:37 of 2nd period - Nathan MacKinnon is hit by Ryan Johansen.
1:51 of 2nd period - Shot by Riley Nash.
1:51 of 2nd period - Shot Blocked by Nathan MacKinnon.
1:53 of 2nd period - Shot by Michael Matheson.
1:53 of 2nd period - Stopped by Ben Bishop without a rebound.
1:54 of 2nd period - Aleksander Barkov wins face-off versus Nikita Kucherov in Penguins zone.
1:58 of 2nd period - Icing by Ryan Ellis.
1:59 of 2nd period - Evgeni Malkin wins face-off versus Aleksander Barkov in Penguins zone.
1:59 of 2nd period - Evgeni Malkin is hit by Justin Williams.
2:02 of 2nd period - Nikita Kucherov is hit by Michael Grabner and loses puck.
2:48 of 2nd period - Ryan Ellis is hit by Riley Nash and loses puck.
3:34 of 2nd period - Phil Kessel is hit by Brent Burns.
4:08 of 2nd period - Shot by David Perron.
4:08 of 2nd period - Shot Misses the Net.
4:10 of 2nd period - Shot by Olli Maatta.
4:10 of 2nd period - Deflect By Alexander Wennberg.
4:10 of 2nd period - Stopped by Martin Jones with a rebound.
4:12 of 2nd period - Shot by Mark Barberio.
4:12 of 2nd period - Stopped by Martin Jones without a rebound.
4:13 of 2nd period - Tanner Kero wins face-off versus Dominic Moore in Oilers zone.
4:14 of 2nd period - Shot by Kevin Labanc.
4:14 of 2nd period - Shot Blocked by Jannik Hansen.
4:16 of 2nd period - Shot by Tim Schaller.
4:16 of 2nd period - Stopped by Martin Jones without a rebound.
4:17 of 2nd period - Tanner Kero wins face-off versus Ryan Getzlaf in Oilers zone.
5:03 of 2nd period - Icing by Marc Methot.
5:04 of 2nd period - Ryan Getzlaf wins face-off versus David Perron in Oilers zone.
5:04 of 2nd period - Ryan Getzlaf is hit by David Perron.
5:10 of 2nd period - Mark Giordano is hit by Reilly Smith and loses puck.
5:38 of 2nd period - Shot by David Perron.
5:38 of 2nd period - Shot Misses the Net.
5:56 of 2nd period - Evgeni Malkin is hit by Justin Williams.
6:00 of 2nd period - Shot by Evgeni Malkin.
6:00 of 2nd period - Shot Misses the Net.
6:04 of 2nd period - Shot by Nikita Kucherov.
6:04 of 2nd period - Goal by Nikita Kucherov - Penguins : 3 - Oilers : 3.
6:05 of 2nd period - Dominic Moore wins face-off versus Nathan MacKinnon in neutral zone.
6:34 of 2nd period - Icing by Ryan Ellis.
6:35 of 2nd period - Nathan MacKinnon wins face-off versus Ryan Getzlaf in Penguins zone.
6:42 of 2nd period - Shot by Nathan MacKinnon.
6:42 of 2nd period - Shot Misses the Net.
6:52 of 2nd period - Shot by Phil Kessel.
6:52 of 2nd period - Shot Misses the Net.
7:10 of 2nd period - Shot by Evgeni Malkin.
7:10 of 2nd period - Shot Misses the Net.
7:12 of 2nd period - Shot by Vladimir Tarasenko.
7:12 of 2nd period - Shot Misses the Net.
7:13 of 2nd period - Minor Penalty to Marc Methot for Hooking.
7:14 of 2nd period - Riley Nash wins face-off versus Evgeni Malkin in Oilers zone.
7:31 of 2nd period - Shot by Evgeni Malkin.
7:31 of 2nd period - Shot Misses the Net.
8:22 of 2nd period - Shot by Ryan Ellis.
8:22 of 2nd period - Stopped by Martin Jones without a rebound.
8:23 of 2nd period - Nathan MacKinnon wins face-off versus Ryan Johansen in Oilers zone.
9:57 of 2nd period - Minor Penalty to Evgeni Malkin for Hooking.
9:58 of 2nd period - Tanner Kero wins face-off versus Ryan Johansen in Penguins zone.
10:39 of 2nd period - Marc-Edouard Vlasic is hit by Christian Dvorak and loses puck.
11:17 of 2nd period - Off-side.
11:18 of 2nd period - Tanner Kero wins face-off versus Ryan Getzlaf in neutral zone.
11:58 of 2nd period - Icing by Michael Grabner.
11:59 of 2nd period - Dominic Moore wins face-off versus Nikita Kucherov in Oilers zone.
12:17 of 2nd period - Jannik Hansen is hit by Ryan Suter and loses puck.
13:06 of 2nd period - Shot by Kevin Labanc.
13:06 of 2nd period - Shot Misses the Net.
13:08 of 2nd period - Shot by Tanner Kero.
13:08 of 2nd period - Shot Misses the Net.
13:19 of 2nd period - Off-side.
13:20 of 2nd period - Christian Dvorak wins face-off versus Aleksander Barkov in neutral zone.
13:49 of 2nd period - Shot by Christian Dvorak.
13:49 of 2nd period - Shot Blocked by Ron Hainsey.
14:40 of 2nd period - Shot by Evgeni Malkin.
14:40 of 2nd period - Stopped by Martin Jones without a rebound.
14:41 of 2nd period - Nathan MacKinnon wins face-off versus Ryan Getzlaf in Oilers zone.
14:50 of 2nd period - Shot by Sebastian Aho.
14:50 of 2nd period - Deflect By Phil Kessel.
14:50 of 2nd period - Shot Misses the Net.
14:58 of 2nd period - Shot by Reilly Smith.
14:58 of 2nd period - Shot Blocked by Nathan MacKinnon.
15:04 of 2nd period - Shot by Reilly Smith.
15:04 of 2nd period - Goal by Reilly Smith - Penguins : 3 - Oilers : 4.
15:05 of 2nd period - Tanner Kero wins face-off versus Ryan Johansen in neutral zone.
15:18 of 2nd period - Ryan Johansen is hit by David Savard and loses puck.
15:26 of 2nd period - Icing by Ryan Ellis.
15:27 of 2nd period - Tanner Kero wins face-off versus Ryan Getzlaf in Penguins zone.
15:52 of 2nd period - Brad Marchand is hit by David Savard and loses puck.
16:49 of 2nd period - Shot by Mark Giordano.
16:49 of 2nd period - Stopped by Martin Jones without a rebound.
16:50 of 2nd period - Alexander Wennberg wins face-off versus Ryan Johansen in Oilers zone.
17:02 of 2nd period - Ryan Johansen is hit by Olli Maatta and loses puck.
17:25 of 2nd period - Shot by David Perron.
17:25 of 2nd period - Stopped by Martin Jones without a rebound.
17:26 of 2nd period - Ryan Getzlaf wins face-off versus Nathan MacKinnon in Oilers zone.
17:33 of 2nd period - Shot by Brad Marchand.
17:33 of 2nd period - Shot Blocked by Mark Giordano.
17:35 of 2nd period - Shot by Reilly Smith.
17:35 of 2nd period - Deflect By Brad Marchand.
17:35 of 2nd period - Shot Misses the Net.
17:45 of 2nd period - Shot by Brad Marchand.
17:45 of 2nd period - Stopped by Ben Bishop with a rebound.
17:47 of 2nd period - Shot by Brad Marchand.
17:47 of 2nd period - Shot Misses the Net.
17:54 of 2nd period - Ryan Getzlaf is hit by Mark Giordano and loses puck.
18:22 of 2nd period - Off-side.
18:23 of 2nd period - Dominic Moore wins face-off versus Vladimir Tarasenko in neutral zone.
18:26 of 2nd period - Shot by Andreas Athanasiou.
18:26 of 2nd period - Stopped by Ben Bishop without a rebound.
18:27 of 2nd period - Aleksander Barkov wins face-off versus Vladimir Tarasenko in Penguins zone.
18:38 of 2nd period - Shot by Justin Williams.
18:38 of 2nd period - Shot Misses the Net.
18:40 of 2nd period - Shot by Michael Grabner.
18:40 of 2nd period - Stopped by Ben Bishop without a rebound.
18:41 of 2nd period - Alexander Wennberg wins face-off versus Ryan Johansen in Penguins zone.
18:41 of 2nd period - Alexander Wennberg is hit by Ryan Johansen.
19:07 of 2nd period - Icing by Olli Maatta.
19:08 of 2nd period - Michael Grabner wins face-off versus Alexander Wennberg in Penguins zone.
19:10 of 2nd period - Aleksander Barkov is hit by Mark Barberio and loses puck.
19:43 of 2nd period - Shot by Mark Giordano.
19:43 of 2nd period - Stopped by Martin Jones without a rebound.
19:44 of 2nd period - Ryan Getzlaf wins face-off versus Nathan MacKinnon in Oilers zone.
Goals for this period are 1 for Penguins vs 1 for Oilers.
Shots for this period are 9 for Penguins vs 6 for Oilers.

3rd period


0:01 of 3rd period - Aleksander Barkov wins face-off versus Evgeni Malkin in neutral zone.
0:01 of 3rd period - Justin Williams is hit by Evgeni Malkin and loses puck.
0:06 of 3rd period - Shot by Aleksander Barkov.
0:06 of 3rd period - Shot Blocked by Mark Giordano.
0:08 of 3rd period - Shot by Justin Williams.
0:08 of 3rd period - Goal by Justin Williams - Penguins : 3 - Oilers : 5.
0:08 of 3rd period - Connor Hellebuyck enters game.
0:09 of 3rd period - Nathan MacKinnon wins face-off versus Ryan Johansen in neutral zone.
0:11 of 3rd period - David Savard is hit by Michael Matheson and loses puck.
0:17 of 3rd period - Sven Baertschi is hit by Nathan MacKinnon.
0:21 of 3rd period - Shot by Ryan Johansen.
0:21 of 3rd period - Deflect By Sven Baertschi.
0:21 of 3rd period - Stopped by Connor Hellebuyck without a rebound.
0:22 of 3rd period - Evgeni Malkin wins face-off versus Aleksander Barkov in Penguins zone.
0:40 of 3rd period - Shot by Nikita Kucherov.
0:40 of 3rd period - Stopped by Martin Jones without a rebound.
0:41 of 3rd period - Nathan MacKinnon wins face-off versus Ryan Johansen in Oilers zone.
1:00 of 3rd period - Ryan Ellis is hit by Riley Nash and loses puck.
1:53 of 3rd period - Shot by Michael Grabner.
1:53 of 3rd period - Shot Misses the Net.
1:55 of 3rd period - Shot by Michael Grabner.
1:55 of 3rd period - Shot Misses the Net.
2:01 of 3rd period - Shot by Aleksander Barkov.
2:01 of 3rd period - Shot Misses the Net.
2:39 of 3rd period - Shot by Brad Marchand.
2:39 of 3rd period - Stopped by Connor Hellebuyck without a rebound.
2:40 of 3rd period - Dominic Moore wins face-off versus Tanner Kero in Penguins zone.
2:47 of 3rd period - Shot by Andreas Athanasiou.
2:47 of 3rd period - Stopped by Connor Hellebuyck without a rebound.
2:48 of 3rd period - Alexander Wennberg wins face-off versus Ryan Johansen in Penguins zone.
3:33 of 3rd period - Shot by Phil Kessel.
3:33 of 3rd period - Stopped by Martin Jones without a rebound.
3:34 of 3rd period - Aleksander Barkov wins face-off versus Evgeni Malkin in Oilers zone.
3:55 of 3rd period - Shot by Michael Grabner.
3:55 of 3rd period - Shot Misses the Net.
4:41 of 3rd period - Phil Kessel is hit by Michael Matheson and loses puck.
5:28 of 3rd period - Shot by Reilly Smith.
5:28 of 3rd period - Shot Misses the Net.
5:30 of 3rd period - Shot by Marc-Edouard Vlasic.
5:30 of 3rd period - Stopped by Connor Hellebuyck without a rebound.
5:31 of 3rd period - Ryan Johansen wins face-off versus Kevin Labanc in Penguins zone.
6:00 of 3rd period - Shot by Riley Nash.
6:00 of 3rd period - Stopped by Connor Hellebuyck without a rebound.
6:01 of 3rd period - Ryan Getzlaf wins face-off versus Evgeni Malkin in Penguins zone.
6:08 of 3rd period - Shot by Brad Marchand.
6:08 of 3rd period - Shot Misses the Net.
6:39 of 3rd period - Off-side.
6:40 of 3rd period - Dominic Moore wins face-off versus Nathan MacKinnon in neutral zone.
6:48 of 3rd period - Off-side.
6:49 of 3rd period - Alexander Wennberg wins face-off versus Ryan Johansen in neutral zone.
7:00 of 3rd period - Minor Penalty to Sven Baertschi for Hooking.
7:01 of 3rd period - Dominic Moore wins face-off versus Vladimir Tarasenko in Oilers zone.
9:00 of 3rd period - Ron Hainsey is hit by Kevin Labanc and loses puck.
9:04 of 3rd period - Icing by Francois Beauchemin.
9:05 of 3rd period - Tanner Kero wins face-off versus Ryan Getzlaf in Oilers zone.
9:33 of 3rd period - Olli Maatta is hit by Brent Burns and loses puck.
10:14 of 3rd period - Shot by David Perron.
10:14 of 3rd period - Goal by David Perron - Penguins : 4 - Oilers : 5.
10:15 of 3rd period - Ryan Johansen wins face-off versus Nathan MacKinnon in neutral zone.
10:39 of 3rd period - Ryan Johansen is hit by Ryan Suter and loses puck.
11:02 of 3rd period - Michael Grabner is hit by Mark Giordano.
12:28 of 3rd period - Shot by Christian Dvorak.
12:28 of 3rd period - Stopped by Martin Jones without a rebound.
12:29 of 3rd period - Dominic Moore wins face-off versus Tanner Kero in Oilers zone.
12:50 of 3rd period - Shot by Andreas Athanasiou.
12:50 of 3rd period - Shot Misses the Net.
13:20 of 3rd period - Shot by Reilly Smith.
13:20 of 3rd period - Stopped by Connor Hellebuyck without a rebound.
13:21 of 3rd period - Nathan MacKinnon wins face-off versus Ryan Johansen in Penguins zone.
13:27 of 3rd period - Phil Kessel is hit by Francois Beauchemin and loses puck.
13:50 of 3rd period - Icing by Francois Beauchemin.
13:51 of 3rd period - Evgeni Malkin wins face-off versus Sven Baertschi in Oilers zone.
14:11 of 3rd period - Vladimir Tarasenko is hit by Brent Burns.
15:02 of 3rd period - Icing by Mark Barberio.
15:03 of 3rd period - Evgeni Malkin wins face-off versus Aleksander Barkov in Penguins zone.
15:03 of 3rd period - Evgeni Malkin is hit by Aleksander Barkov.
15:31 of 3rd period - Michael Grabner is hit by Nathan MacKinnon and loses puck.
15:43 of 3rd period - Minor Penalty to Sebastian Aho for Roughing.
15:44 of 3rd period - Brad Marchand wins face-off versus Tanner Kero in Penguins zone.
15:47 of 3rd period - Shot by Brent Burns.
15:47 of 3rd period - Shot Blocked by Tanner Kero.
15:49 of 3rd period - Shot by Marc-Edouard Vlasic.
15:49 of 3rd period - Deflect By Aleksander Barkov.
15:49 of 3rd period - Shot Blocked by Tanner Kero.
15:51 of 3rd period - Shot by Marc-Edouard Vlasic.
15:51 of 3rd period - Goal by Marc-Edouard Vlasic - Penguins : 4 - Oilers : 6.
15:52 of 3rd period - Alexander Wennberg wins face-off versus Ryan Getzlaf in neutral zone.
16:00 of 3rd period - Shot by Alexander Wennberg.
16:00 of 3rd period - Stopped by Martin Jones without a rebound.
16:01 of 3rd period - Nathan MacKinnon wins face-off versus Reilly Smith in Oilers zone.
16:12 of 3rd period - Ryan Getzlaf is hit by Mark Giordano and loses puck.
16:45 of 3rd period - Shot by Ryan Getzlaf.
16:45 of 3rd period - Stopped by Connor Hellebuyck without a rebound.
16:46 of 3rd period - Alexander Wennberg wins face-off versus Aleksander Barkov in Penguins zone.
16:54 of 3rd period - Icing by Alexander Wennberg.
16:55 of 3rd period - Alexander Wennberg wins face-off versus Ryan Johansen in Penguins zone.
16:55 of 3rd period - David Perron is hit by Ryan Johansen and loses puck.
17:06 of 3rd period - Shot by Sven Baertschi.
17:06 of 3rd period - Stopped by Connor Hellebuyck without a rebound.
17:07 of 3rd period - Evgeni Malkin wins face-off versus Aleksander Barkov in Penguins zone.
17:07 of 3rd period - Evgeni Malkin is hit by Justin Williams.
17:44 of 3rd period - Shot by Aleksander Barkov.
17:44 of 3rd period - Stopped by Connor Hellebuyck with a rebound.
17:47 of 3rd period - Icing by Vladimir Tarasenko.
17:48 of 3rd period - Evgeni Malkin wins face-off versus Ryan Johansen in Penguins zone.
17:48 of 3rd period - Evgeni Malkin is hit by Riley Nash.
18:06 of 3rd period - Shot by Sven Baertschi.
18:06 of 3rd period - Shot Misses the Net.
18:11 of 3rd period - Icing by David Savard.
18:12 of 3rd period - Alexander Wennberg wins face-off versus Ryan Getzlaf in Penguins zone.
18:17 of 3rd period - Reilly Smith is hit by David Perron and loses puck.
18:36 of 3rd period - Minor Penalty to David Savard for Roughing.
18:37 of 3rd period - Tanner Kero wins face-off versus Ryan Getzlaf in Penguins zone.
18:37 of 3rd period - Tanner Kero is hit by Ryan Getzlaf.
18:49 of 3rd period - Shot by Brad Marchand.
18:49 of 3rd period - Shot Misses the Net.
19:01 of 3rd period - Shot by Brent Burns.
19:01 of 3rd period - Deflect By Aleksander Barkov.
19:01 of 3rd period - Stopped by Connor Hellebuyck without a rebound.
19:02 of 3rd period - Nathan MacKinnon wins face-off versus Ryan Johansen in Penguins zone.
Goals for this period are 1 for Penguins vs 2 for Oilers.
Shots for this period are 5 for Penguins vs 12 for Oilers.